[Event "FIDE World Cadets GU10 2022"]
[Site "Batumi"]
[Date "2022.09.17"]
[Round "2.21"]
[White "Amanzhol, Khanzada"]
[Black "Li, Iris"]
[Result "1-0"]
[ECO "E63"]
[WhiteElo "1241"]
[BlackElo "1651"]
[Annotator "NA COMBH"]
[PlyCount "121"]
[EventDate "2022.09.16"]
[EventType "swiss"]
[EventCountry "GEO"]
[SourceTitle "playchess.com"]
[Source "ChessBase"]
[SourceQuality "1"]
[TimeControl "5400+30"]

1. d4 Nf6 2. Nf3 g6 3. g3 Bg7 4. Bg2 O-O 5. O-O d6 6. c4 Nc6 7. Nc3 a6 8. Bd2 Bd7 9. Rc1 Rb8 10. d5 Na5 11. b3 c5 12. e4 b5 13. cxb5 axb5 14. e5 Ng4 15. exd6 exd6 16. Ne4 Nb7 17. Bf4 Bf5 18. Nh4 Bxe4 19. Bxe4 f5 20. Bd3 b4 21. Nf3 h6 22. Nh4 Qf6 23. Kg2 Nd8 24. Re1 Kh7 25. Nxf5 Nxf2 26. Kxf2 gxf5 27. Kg2 Ra8 28. Rc2 Ra7 29. Rf2 Kh8 30. Be3 Qe5 31. Bb1 Re7 32. Ree2 Qc3 33. Rf3 f4 34. Bxf4 Rxe2+ 35. Qxe2 Qd4 36. Qc2 Kg8 37. Qh7+ Kf7 38. Be5+ Ke8 39. Bxd4 Rxf3 40. Kxf3 Bxd4 41. Bg6+ Kf8 42. Qd7 Bf6 43. Qxd6+ Be7 44. Qf4+ Kg7 45. d6 Bg5 46. Qf5 Bf6 47. d7 Be7 48. Qe5+ Bf6 49. Qe8 Bg5 50. h4 Bf6 51. Kg4 h5+ 52. Bxh5 c4 53. bxc4 b3 54. axb3 Kh7 55. Qg6+ Kh8 56. Qxf6+ Kh7 57. Qxd8 Kg7 58. Qe7+ Kh6 59. Qf6+ Kh7 60. Qg6+ Kh8 61. d8=R# 1-0

[Event "FIDE World Cadets GU10 2022"]
[Site "Batumi"]
[Date "2022.09.17"]
[Round "2.22"]
[White "Bassari, Senem Gul"]
[Black "Sahin, Zeynep Duru"]
[Result "1-0"]
[ECO "C80"]
[WhiteElo "1536"]
[BlackElo "1255"]
[Annotator "NA COMBH"]
[PlyCount "155"]
[EventDate "2022.09.16"]
[EventType "swiss"]
[EventCountry "GEO"]
[SourceTitle "playchess.com"]
[Source "ChessBase"]
[SourceQuality "1"]
[TimeControl "5400+30"]

1. e4 e5 2. Nf3 Nc6 3. Bb5 a6 4. Ba4 Nf6 5. O-O Nxe4 6. Re1 Nc5 7. Bxc6 dxc6 8. Nxe5 Ne6 9. Qf3 Qf6 10. Qxf6 gxf6 11. Nf3 Bd7 12. d3 O-O-O 13. Be3 Bd6 14. Nbd2 f5 15. Nc4 f6 16. Nd4 Nc5 17. Nxd6+ cxd6 18. Bf4 Kc7 19. b4 Na4 20. Ne6+ Bxe6 21. Rxe6 Rhf8 22. Rae1 Nc3 23. Bd2 Nb5 24. c3 d5 25. a4 Nd6 26. Bf4 Rf7 27. c4 dxc4 28. dxc4 a5 29. c5 axb4 30. Bxd6+ Kc8 31. Rb1 b5 32. Rxb4 Ra7 33. Rb1 Rxa4 34. g3 Kb7 35. Re7+ Ka6 36. Rc7 b4 37. Rxc6+ Kb5 38. Rb6+ Kc4 39. Kg2 h5 40. c6 Rxd6 41. c7 Rxb6 42. c8=Q+ Kb5 43. Qxf5+ Ka6 44. Rc1 b3 45. Qc8+ Ka5 46. Qf5+ Rb5 47. Rc5 Rab4 48. Rxb5+ Rxb5 49. Qb1 b2 50. Kf1 Rb3 51. Ke2 Ka4 52. Kd2 Ka3 53. Kc2 Rb6 54. Qh1 b1=Q+ 55. Qxb1 Rxb1 56. Kxb1 Kb3 57. Kc1 Kc3 58. Kd1 Kd3 59. Ke1 f5 60. Kf1 Ke4 61. Kg2 f4 62. f3+ Kf5 63. gxf4 Kxf4 64. h4 Kf5 65. Kf1 Ke5 66. Ke2 Kf4 67. Kf2 Ke5 68. Ke3 Kf5 69. f4 Kg4 70. Ke4 Kxh4 71. f5 Kg3 72. f6 h4 73. f7 h3 74. f8=Q Kg2 75. Qf3+ Kh2 76. Qf2+ Kh1 77. Kf3 h2 78. Qg2# 1-0

[Event "FIDE World Cadets GU10 2022"]
[Site "Batumi"]
[Date "2022.09.17"]
[Round "2.23"]
[White "Kutateladze, Anastasia"]
[Black "Fang, Arabella"]
[Result "1/2-1/2"]
[ECO "B28"]
[WhiteElo "1231"]
[BlackElo "1505"]
[Annotator "NA COMBH"]
[PlyCount "105"]
[EventDate "2022.09.16"]
[EventType "swiss"]
[EventCountry "GEO"]
[SourceTitle "playchess.com"]
[Source "ChessBase"]
[SourceQuality "1"]
[TimeControl "5400+30"]

1. e4 c5 2. Nf3 a6 3. d4 cxd4 4. Nxd4 Nf6 5. Nc3 e5 6. Nb3 Bb4 7. Bd3 d6 8. Bd2 Qc7 9. a3 Bxc3 10. Bxc3 Be6 11. Nd2 Nbd7 12. O-O Nc5 13. Re1 Na4 14. Nb1 O-O 15. Qd2 Rac8 16. Ba5 b6 17. Bc3 a5 18. Bb5 Nc5 19. f3 Bd7 20. Bxd7 Qxd7 21. Rd1 Rfd8 22. Qe3 Qb5 23. b3 Ne6 24. Rd2 Nf4 25. g3 N4d5 26. exd5 Nxd5 27. a4 Qc6 28. Qd3 Nxc3 29. Nxc3 Qxc3 30. Qxc3 Rxc3 31. Rad1 Rc6 32. c4 f6 33. Kf2 Kf7 34. Rd5 Ke6 35. Ke3 f5 36. h3 Rc5 37. h4 g6 38. R1d2 Ke7 39. Rd1 Rxd5 40. Rxd5 Rc8 41. Rb5 Rc6 42. Kd3 h6 43. Ke3 g5 44. hxg5 hxg5 45. Rd5 Rc5 46. Rd1 Rc8 47. Rh1 f4+ 48. gxf4 gxf4+ 49. Ke4 Kd7 50. Kd5 Rc5+ 51. Ke4 Rc8 52. Kd5 Rc5+ 53. Ke4 1/2-1/2

[Event "FIDE World Cadets GU10 2022"]
[Site "Batumi"]
[Date "2022.09.17"]
[Round "2.24"]
[White "Venskaya, Nika"]
[Black "Tong, Thai Hoang An"]
[Result "1-0"]
[ECO "D04"]
[WhiteElo "1470"]
[BlackElo "1238"]
[Annotator "NA COMBH"]
[PlyCount "54"]
[EventDate "2022.09.16"]
[EventType "swiss"]
[EventCountry "GEO"]
[SourceTitle "playchess.com"]
[Source "ChessBase"]
[SourceQuality "1"]
[TimeControl "5400+30"]

1. d4 d5 2. Nf3 c5 3. e3 Nf6 4. b3 cxd4 5. exd4 Nc6 6. Bb2 Bf5 7. Bd3 Bxd3 8. Qxd3 Qa5+ 9. Bc3 Qc7 10. O-O e6 11. a3 Bd6 12. Bb2 O-O 13. Re1 Ne4 14. c4 f5 15. Nc3 Qf7 16. Ne2 Rad8 17. Rad1 Qh5 18. Ne5 f4 19. f3 Bxe5 20. dxe5 Nc5 21. Qc3 dxc4 22. Qxc4 Nxe5 23. Qc3 Rxd1 24. Rxd1 Rf5 25. b4 Rg5 26. Kh1 Qh4 27. Qxc5 Nc6 1-0

[Event "FIDE World Cadets GU10 2022"]
[Site "Batumi"]
[Date "2022.09.17"]
[Round "2.25"]
[White "Omirserik, Alima"]
[Black "Mirzakhani, Bahar"]
[Result "0-1"]
[ECO "B35"]
[WhiteElo "1224"]
[BlackElo "1461"]
[Annotator "NA COMBH"]
[PlyCount "106"]
[EventDate "2022.09.16"]
[EventType "swiss"]
[EventCountry "GEO"]
[SourceTitle "playchess.com"]
[Source "ChessBase"]
[SourceQuality "1"]
[TimeControl "5400+30"]

1. e4 c5 2. Nf3 Nc6 3. d4 cxd4 4. Nxd4 g6 5. Nc3 Bg7 6. Be3 Nf6 7. Bc4 Qa5 8. f3 Qb4 9. Bb3 O-O 10. Qd2 Nxd4 11. Qxd4 Qa5 12. Qd2 d6 13. O-O-O Be6 14. Nd5 Qxd2+ 15. Rxd2 Nxd5 16. Bxd5 Bxd5 17. Rxd5 b6 18. Kb1 Rac8 19. h4 h5 20. Rhd1 Bf6 21. Bg5 Bxg5 22. Rxg5 Kg7 23. Rgd5 Rc5 24. Rxc5 bxc5 25. e5 Rd8 26. c4 f6 27. exd6 exd6 28. Re1 Kf7 29. Kc2 g5 30. hxg5 fxg5 31. Kd3 Kf6 32. Re2 Kf5 33. Re7 a5 34. g3 Rh8 35. Ke3 a4 36. Ra7 h4 37. Kf2 Rb8 38. gxh4 gxh4 39. Rxa4 Rxb2+ 40. Kg1 Kf4 41. Ra6 Kg3 42. Kf1 Kxf3 43. Ke1 h3 44. Rxd6 h2 45. Rf6+ Kg2 46. Rg6+ Kh1 47. a4 Rg2 48. Rf6 Rc2 49. a5 Kg1 50. Rg6+ Rg2 51. Rh6 h1=Q 52. Rxh1+ Kxh1 53. a6 Ra2 0-1

[Event "FIDE World Cadets GU10 2022"]
[Site "Batumi"]
[Date "2022.09.17"]
[Round "2.26"]
[White "Siskou, Evangelia"]
[Black "Harutyunyan, Gabriela"]
[Result "1-0"]
[ECO "B31"]
[WhiteElo "1421"]
[BlackElo "1228"]
[Annotator "NA COMBH"]
[PlyCount "66"]
[EventDate "2022.09.16"]
[EventType "swiss"]
[EventCountry "GEO"]
[SourceTitle "playchess.com"]
[Source "ChessBase"]
[SourceQuality "1"]
[TimeControl "5400+30"]

1. e4 c5 2. Nf3 Nc6 3. Bb5 g6 4. Bxc6 bxc6 5. c3 Bg7 6. d4 cxd4 7. cxd4 Nf6 8. Nc3 d6 9. O-O O-O 10. Bd2 Bg4 11. h3 Bxf3 12. Qxf3 Qb6 13. Qe3 Qxb2 14. Rab1 Qa3 15. Nd5 Qa4 16. Nxe7+ Kh8 17. e5 dxe5 18. dxe5 Nd5 19. Nxd5 cxd5 20. a3 d4 21. Qg3 Rfe8 22. Rbe1 Rac8 23. Bb4 d3 24. Qxd3 Rxe5 25. Rxe5 Bxe5 26. Qd5 f6 27. f4 Bb2 28. Qf7 Qa6 29. Re1 Qb6+ 30. Kh2 Qb8 31. Kh1 Qa8 32. Re7 Rc1+ 33. Kh2 Qd8 1-0

[Event "FIDE World Cadets GU10 2022"]
[Site "Batumi"]
[Date "2022.09.17"]
[Round "2.27"]
[White "Chichinadze, Anastasia"]
[Black "Xu, Luna Yuexiu"]
[Result "1-0"]
[ECO "B25"]
[WhiteElo "1220"]
[BlackElo "1421"]
[Annotator "NA COMBH"]
[PlyCount "87"]
[EventDate "2022.09.16"]
[EventType "swiss"]
[EventCountry "GEO"]
[SourceTitle "playchess.com"]
[Source "ChessBase"]
[SourceQuality "1"]
[TimeControl "5400+30"]

1. e4 c5 2. Nc3 Nc6 3. g3 g6 4. Bg2 Bg7 5. Nge2 Nf6 6. d3 d6 7. O-O O-O 8. h3 e5 9. Be3 Ne7 10. f4 Nd7 11. Kh2 f5 12. a4 a6 13. a5 Nc6 14. exf5 gxf5 15. fxe5 Ndxe5 16. Qd2 Be6 17. Nf4 Bf7 18. Bd5 Bxd5 19. Ncxd5 Re8 20. Nb6 Rb8 21. Nh5 Qe7 22. Nxg7 Qxg7 23. Rxf5 Rf8 24. Raf1 Rxf5 25. Rxf5 Qg6 26. Qf2 Qe6 27. Rf6 Qe7 28. Bh6 Nd4 29. Nd5 Nef3+ 30. Rxf3 Nxf3+ 31. Qxf3 Qf7 32. Nf6+ Kh8 33. Qf4 Rf8 34. Bxf8 Qxf8 35. Nh5 Qe7 36. Qf6+ Qxf6 37. Nxf6 Kg7 38. Ne4 Kf7 39. Nxd6+ Ke6 40. Nxb7 Kd5 41. g4 Kc6 42. Nd8+ Kb5 43. g5 Kxa5 44. h4 1-0

[Event "FIDE World Cadets GU10 2022"]
[Site "Batumi"]
[Date "2022.09.17"]
[Round "2.28"]
[White "Chovanec, Alice"]
[Black "Zavivaeva, Kristina"]
[Result "0-1"]
[ECO "A57"]
[WhiteElo "1414"]
[BlackElo "1222"]
[Annotator "NA COMBH"]
[PlyCount "90"]
[EventDate "2022.09.16"]
[EventType "swiss"]
[EventCountry "GEO"]
[SourceTitle "playchess.com"]
[Source "ChessBase"]
[SourceQuality "1"]
[TimeControl "5400+30"]

1. d4 Nf6 2. c4 c5 3. d5 b5 4. cxb5 a6 5. e3 g6 6. Nc3 Bg7 7. Nf3 Bb7 8. a4 O-O 9. e4 d6 10. Bd2 axb5 11. Bxb5 Nbd7 12. O-O Qc7 13. Re1 Rfb8 14. Qc1 Ng4 15. h3 Nge5 16. Nxe5 Nxe5 17. f4 Nd7 18. Qc2 Nf6 19. Qd3 Qb6 20. Kh1 Nh5 21. Ra2 Bh6 22. Qf3 Bg7 23. Rea1 Qc7 24. Qd3 Qc8 25. Kh2 Ba6 26. Bxa6 Rxa6 27. Nb5 Raa8 28. Qc4 Qd7 29. g4 Nf6 30. Bc3 Rb6 31. Rd1 Nxe4 32. Qxe4 Rxb5 33. Qc4 Rb7 34. Bxg7 Kxg7 35. Qc3+ Kg8 36. b3 Rb4 37. Rf2 Rab8 38. f5 Rxb3 39. Qa1 R8b4 40. fxg6 hxg6 41. Rdf1 Qxa4 42. Qe1 Qa3 43. Rxf7 Rxh3+ 44. Kg1 Rxg4+ 45. Kf2 Rh2# 0-1

[Event "FIDE World Cadets GU10 2022"]
[Site "Batumi"]
[Date "2022.09.17"]
[Round "2.29"]
[White "Bajyrly, Dilara"]
[Black "Ejsymont, Blanka"]
[Result "0-1"]
[ECO "A46"]
[WhiteElo "1204"]
[BlackElo "1410"]
[Annotator "NA COMBH"]
[PlyCount "130"]
[EventDate "2022.09.16"]
[EventType "swiss"]
[EventCountry "GEO"]
[SourceTitle "playchess.com"]
[Source "ChessBase"]
[SourceQuality "1"]
[TimeControl "5400+30"]

1. d4 Nf6 2. Bf4 e6 3. e3 c5 4. c3 cxd4 5. exd4 b6 6. Nd2 Be7 7. Ngf3 O-O 8. Bd3 Ba6 9. Bxa6 Nxa6 10. O-O d6 11. h3 Nc7 12. Re1 Qd7 13. Ne4 Nxe4 14. Rxe4 Qc6 15. Re2 Nd5 16. Bg3 a6 17. Rc1 b5 18. Qd2 Rfc8 19. Kh2 Nb6 20. b3 a5 21. c4 bxc4 22. bxc4 Qa4 23. d5 Nxc4 24. Qd4 e5 25. Qg4 Nb6 26. Rxc8+ Rxc8 27. Rd2 Qxg4 28. hxg4 Rc5 29. Rb2 Nxd5 30. Rb8+ Bf8 31. Ng5 Nf6 32. f3 h6 33. Ne4 Nxe4 34. fxe4 Rc2 35. a3 Rc3 36. Be1 Rxa3 37. Ra8 f6 38. Rxa5 Re3 39. Bf2 Rxe4 40. Kg3 Rc4 41. Rd5 Kf7 42. Be3 Ke6 43. Rd2 d5 44. Ra2 Kf7 45. Ra7+ Kg6 46. Rd7 Rc3 47. Kf2 Bc5 48. Bxc5 Rxc5 49. Ke3 d4+ 50. Ke4 Rc2 51. Kf3 Rc8 52. g3 Rf8 53. Rd6 Rf7 54. Ke4 Re7 55. Rb6 Kg5 56. Rb3 Kxg4 57. Rf3 Rc7 58. Rb3 Kg5 59. Ra3 Rc3 60. Ra7 g6 61. Rd7 Rxg3 62. Rd6 Re3+ 63. Kd5 d3 64. Kc4 Re4+ 65. Kc3 Rd4 0-1

[Event "FIDE World Cadets GU10 2022"]
[Site "Batumi"]
[Date "2022.09.17"]
[Round "2.30"]
[White "Pehlivanova, Aleksandra"]
[Black "Aadya Ranganath"]
[Result "0-1"]
[ECO "A48"]
[WhiteElo "1406"]
[BlackElo "1184"]
[Annotator "NA COMBH"]
[PlyCount "118"]
[EventDate "2022.09.16"]
[EventType "swiss"]
[EventCountry "GEO"]
[SourceTitle "playchess.com"]
[Source "ChessBase"]
[SourceQuality "1"]
[TimeControl "5400+30"]

1. d4 Nf6 2. Bf4 g6 3. e3 Bg7 4. Nd2 O-O 5. Ngf3 d6 6. h3 c5 7. c3 b6 8. Be2 Bb7 9. Qc2 Nbd7 10. O-O Rc8 11. Qb3 cxd4 12. exd4 e5 13. Bh2 e4 14. Ne1 d5 15. Nc2 Qe7 16. Ne3 Bh6 17. c4 Qe6 18. c5 bxc5 19. Qxb7 cxd4 20. Nxd5 Qxd5 21. Qxd5 Nxd5 22. Nxe4 Rc2 23. Bb5 N7b6 24. b3 Bg7 25. Bd3 Rcc8 26. Bd6 Rfe8 27. Rfe1 Rcd8 28. Ba3 Nf4 29. Bb5 Re6 30. g3 d3 31. Rad1 d2 32. Re3 Nxh3+ 33. Kg2 Nxf2 34. Kxf2 Bd4 35. Bc5 Bxe3+ 36. Bxe3 Rxe4 37. Bxd2 Red4 38. Ke3 R4d6 39. Be2 Nd5+ 40. Kf2 Nc3 41. Bxc3 Rxd1 42. Bxd1 Rxd1 43. Ke3 f5 44. Bd4 a5 45. Bc3 Rd5 46. a3 Kf7 47. b4 axb4 48. axb4 Ke6 49. Bd4 g5 50. Kd3 h5 51. Kc4 h4 52. gxh4 gxh4 53. b5 h3 54. Bg1 Rd2 55. b6 h2 56. b7 hxg1=Q 57. b8=Q Qc1+ 58. Kb3 Rb2+ 59. Ka3 Qa1# 0-1

[Event "FIDE World Cadets GU10 2022"]
[Site "Batumi"]
[Date "2022.09.17"]
[Round "2.32"]
[White "Rajlic, Irina"]
[Black "Bakhshizada, Asnad"]
[Result "1/2-1/2"]
[ECO "C02"]
[WhiteElo "1397"]
[BlackElo "1170"]
[Annotator "NA COMBH"]
[PlyCount "98"]
[EventDate "2022.09.16"]
[EventType "swiss"]
[EventCountry "GEO"]
[SourceTitle "playchess.com"]
[Source "ChessBase"]
[SourceQuality "1"]
[TimeControl "5400+30"]

1. e4 e6 2. d4 d5 3. e5 c5 4. c3 Nc6 5. Nf3 Qb6 6. a3 cxd4 7. cxd4 Nge7 8. b4 Nf5 9. Bb2 a6 10. Bd3 Nh6 11. O-O Be7 12. Nc3 Bd7 13. Na4 Qd8 14. Nc3 b5 15. Qd2 Qb6 16. Ne2 a5 17. Bc3 axb4 18. Bxb4 Nxb4 19. axb4 Rc8 20. Rfc1 O-O 21. Ng3 Rxc1+ 22. Rxc1 Nf5 23. Nh5 Ra8 24. Nf4 Qb7 25. h3 Ra4 26. Rb1 Qa8 27. Rb2 g6 28. Qe2 Qc6 29. Qd2 Ra3 30. Rc2 Qb7 31. Bxf5 exf5 32. Nd3 Kg7 33. Nc5 Qa7 34. Nxd7 Qxd7 35. Ne1 Ra1 36. Kh2 h6 37. Nd3 Bg5 38. Qc3 Rd1 39. f4 Bh4 40. g3 Be7 41. Nc5 Qa7 42. Nb3 Qa3 43. Nc5 Qa7 44. Rd2 Ra1 45. Qc2 Ra3 46. Qb2 Re3 47. Rd3 Re1 48. Ra3 Re2+ 49. Qxe2 Bf8 1/2-1/2

[Event "FIDE World Cadets GU10 2022"]
[Site "Batumi"]
[Date "2022.09.17"]
[Round "2.33"]
[White "Baruch, Amit"]
[Black "Sreekarthika Velmurugan"]
[Result "0-1"]
[ECO "B43"]
[WhiteElo "1153"]
[BlackElo "1380"]
[Annotator "NA COMBH"]
[PlyCount "121"]
[EventDate "2022.09.16"]
[EventType "swiss"]
[EventCountry "GEO"]
[SourceTitle "playchess.com"]
[Source "ChessBase"]
[SourceQuality "1"]
[TimeControl "5400+30"]

1. e4 c5 2. Nf3 e6 3. d4 cxd4 4. Nxd4 a6 5. Nc3 b5 6. a3 Bb7 7. g3 Nc6 8. Bg2 Bc5 9. Be3 Nxd4 10. Bxd4 Bxd4 11. Qxd4 Nf6 12. O-O O-O 13. Rad1 Rc8 14. e5 Bxg2 15. Kxg2 Rc4 16. Qd6 Qa8+ 17. Kg1 Ne4 18. Nxe4 Rxe4 19. Rd2 h6 20. Rfd1 Rd8 21. Qc5 Qb8 22. Rd6 Rc8 23. Qb6 Qxb6 24. Rxb6 Rxc2 25. b4 Rxe5 26. Rxa6 Rc7 27. Ra5 Rf5 28. a4 bxa4 29. Rxa4 Kf8 30. Ra8+ Ke7 31. Rb8 Rf3 32. b5 Rb3 33. b6 Rc6 34. Rb7 Rd6 35. Rxd6 Kxd6 36. Rb8 Ke7 37. Kf1 d5 38. Ke2 e5 39. Kd2 e4 40. Kc2 Rb5 41. Kc3 f5 42. Kd4 g5 43. Ke5 Kd7 44. Kxf5 Kd6 45. Rd8+ Kc5 46. Ke5 Kc4 47. b7 Rxb7 48. Rxd5 Re7+ 49. Kd6 Rd7+ 50. Kxd7 Kxd5 51. Ke7 Ke5 52. Kf7 Kf5 53. Kg7 h5 54. Kf7 h4 55. Kg7 hxg3 56. hxg3 Kg4 57. Kf6 Kf3 58. Kf5 Kxf2 59. Kxe4 Kxg3 60. Ke3 g4 61. Kd4 0-1

[Event "FIDE World Cadets GU10 2022"]
[Site "Batumi"]
[Date "2022.09.17"]
[Round "2.34"]
[White "Qian, Ashley"]
[Black "Gulishyan, Eseniya"]
[Result "1-0"]
[ECO "B01"]
[WhiteElo "1350"]
[BlackElo "1138"]
[Annotator "NA COMBH"]
[PlyCount "127"]
[EventDate "2022.09.16"]
[EventType "swiss"]
[EventCountry "GEO"]
[SourceTitle "playchess.com"]
[Source "ChessBase"]
[SourceQuality "1"]
[TimeControl "5400+30"]

1. e4 d5 2. exd5 Qxd5 3. Nc3 Qd6 4. d4 c6 5. Nf3 Nf6 6. Be2 Bg4 7. h3 Bh5 8. O-O Nbd7 9. Be3 e6 10. Qd2 Qc7 11. Bf4 Bd6 12. Bxd6 Qxd6 13. Rfe1 O-O 14. Rad1 Nd5 15. Nxd5 exd5 16. Ne5 Bxe2 17. Rxe2 Rfe8 18. Rde1 Re7 19. Nxd7 Rxe2 20. Nf6+ Qxf6 21. Qxe2 h6 22. c3 Kf8 23. g3 Qd6 24. Qg4 Rd8 25. Re3 Kg8 26. Kg2 Kf8 27. Qe2 Qd7 28. f4 Re8 29. Rxe8+ Qxe8 30. Qxe8+ Kxe8 31. Kf3 Ke7 32. b3 Kd6 33. c4 b6 34. g4 g6 35. h4 f6 36. Ke3 a6 37. Kd3 a5 38. a4 c5 39. cxd5 Kxd5 40. dxc5 Kxc5 41. Ke4 Kb4 42. Kd4 Kxb3 43. g5 hxg5 44. f5 gxf5 45. h5 g4 46. Ke3 g3 47. Kf3 f4 48. h6 f5 49. h7 g2 50. Kxg2 f3+ 51. Kxf3 f4 52. h8=Q Kxa4 53. Qa1+ Kb5 54. Kxf4 Ka6 55. Ke5 b5 56. Kd6 a4 57. Kc5 Kb7 58. Kxb5 Kb8 59. Qxa4 Kb7 60. Qc4 Ka7 61. Qc6 Kb8 62. Qd7 Ka8 63. Kb6 Kb8 64. Qb7# 1-0

[Event "FIDE World Cadets GU10 2022"]
[Site "Batumi"]
[Date "2022.09.17"]
[Round "2.35"]
[White "Meshkova, Aleksandra"]
[Black "Zhang, Ellery"]
[Result "0-1"]
[ECO "D43"]
[WhiteElo "1116"]
[BlackElo "1348"]
[Annotator "NA COMBH"]
[PlyCount "138"]
[EventDate "2022.09.16"]
[EventType "swiss"]
[EventCountry "GEO"]
[SourceTitle "playchess.com"]
[Source "ChessBase"]
[SourceQuality "1"]
[TimeControl "5400+30"]

1. d4 d5 2. c4 c6 3. Nf3 Nf6 4. Nc3 e6 5. Bg5 h6 6. Bxf6 Qxf6 7. e3 Nd7 8. Be2 Bd6 9. O-O O-O 10. Rc1 b6 11. Qa4 Bb7 12. cxd5 b5 13. Qb3 exd5 14. a4 a6 15. axb5 axb5 16. Ra1 Rfe8 17. Bd3 b4 18. Ne2 Qe7 19. Ng3 Bxg3 20. hxg3 c5 21. Bb5 c4 22. Qc2 Rec8 23. Qf5 Rc7 24. Rxa8+ Bxa8 25. Ra1 Nb6 26. Ne5 c3 27. bxc3 bxc3 28. Qc2 Rc8 29. Ra6 Qc7 30. Nd3 Bc6 31. Bxc6 Qxc6 32. Nb4 Qb5 33. Qf5 c2 34. Nxc2 Qxa6 35. Nb4 Qb5 36. Nd3 g6 37. Qf6 Qxd3 38. Qxb6 Rc1+ 39. Kh2 Qf5 40. Qb8+ Kg7 41. Qe5+ Qxe5 42. dxe5 g5 43. g4 Rf1 44. Kg3 Rd1 45. Kf3 d4 46. Ke2 Rc1 47. exd4 Rc2+ 48. Ke3 f6 49. e6 Kf8 50. d5 Ke7 51. g3 Kd6 52. Kd3 Rc5 53. Ke4 Rxd5 54. e7 Re5+ 55. Kd4 Rxe7 56. f4 Re1 57. f5 Rg1 58. Ke3 Rxg3+ 59. Kf2 Rxg4 60. Kf3 h5 61. Kf2 h4 62. Kf3 Rg3+ 63. Kf2 Ke5 64. Kf1 Kf4 65. Kf2 h3 66. Kf1 h2 67. Kf2 h1=Q 68. Ke2 Qh2+ 69. Kf1 Rg1# 0-1